 Dungeon Crawl Stone Soup version 0.29-a0-356-g7bc237e783 (webtiles) character file.

Game seed: 15883376560303491554

207 bande the Covered (level 5, -1/33 HPs)
             Began as a Gargoyle Fighter on Apr 26, 2022.
             Slain by Menkaure (13 damage)
             ... on level 4 of the Dungeon.
             The game lasted 00:05:33 (3103 turns).

bande the Covered (Gargoyle Fighter)                Turns: 3103, Time: 00:05:34

Health: -1/33      AC: 12    Str: 19    XL:     5   Next: 85%
Magic:  5/5        EV:  9    Int: 15    God:
Gold:   159        SH:  4    Dex: 11    Spells: 4/4 levels left

rFire   . . .      SeeInvis .   a - +0 war axe (venom)
rCold   . . .      Faith    .   c - +0 buckler
rNeg    + . .      Spirit   .   b - +0 scale mail
rPois   ∞          Reflect  .   (no helmet)
rElec   +          Harm     .   (no cloak)
rCorr   .          Rampage  .   m - +0 pair of gloves
Will    .....                   (no boots)
Stlth   ..........              (no amulet)
HPRegen 0.11/turn               l - +6 ring of intelligence
MPRegen 0.09/turn               (no ring)

@: no status effects
A: sickness immunity, AC +4, negative energy resistance 1, electricity
resistance, torment resistance 1, petrification resistance
a: no special abilities


You were on level 4 of the Dungeon.
You visited 1 branch of the dungeon, and saw 4 of its levels.

You collected 159 gold pieces.

Inventory:

Hand Weapons
 a - a +0 war axe of venom (weapon)
 p - a +0 flail
Missiles
 o - 2 boomerangs of dispersal (quivered)
Armour
 b - a +0 scale mail (worn)
 c - a +0 buckler (worn)
 m - a +0 pair of gloves (worn)
Jewellery
 l - a +6 ring of intelligence (left hand)
 n - a ring of ice
Scrolls
 k - a scroll of fear
Potions
 d - a potion of might
 e - a potion of magic
 f - a potion of mutation {unknown}
 h - 3 potions of curing
 j - 2 potions of haste


   Skills:
 + Level 4.1 Fighting
 + Level 4.0 Axes
 + Level 4.2 Armour
 + Level 3.9 Shields


You had 4 spell levels left.
You didn't know any spells.
Your spell library contained the following spells:

 Spells                   Type           Power      Damage    Failure   Level
 Magic Dart               Conj           0%         1d3       71%         1
 Slow                     Hex            0%         N/A       71%         1
 Call Imp                 Summ           0%         N/A       83%         2
 Confusing Touch          Hex            0%         N/A       97%         3
 Frozen Ramparts          Ice            0%         1d2       97%         3
 Mephitic Cloud           Conj/Pois/Air  0%         N/A       97%         3
 Vampiric Draining        Necr           0%         2d6       97%         3
 Ice Form                 Ice/Tmut       0%         N/A       100%        4
 Summon Ice Beast         Ice/Summ       0%         N/A       100%        4


Dungeon Overview and Level Annotations

Branches:
Dungeon (4/15)
 Temple: D:4-7

Altars:
Nemelex Xobeh

Annotations:
D:4 Menkaure


Innate Abilities, Weirdness & Mutations

You are immune to sickness and miasma.
Your stone body is resilient. (AC +4)
You are immune to poison.
You resist negative energy. (rN+)
You are resistant to electric shocks. (rElec)
You are resistant to unholy torment.
You are immune to petrification.


Message History

a +0 flail; a +0 leather armour; an orc corpse
Items here: ( )) ††.
f - a cyan potion
Things that are here:
a +0 flail; a +0 leather armour; a +0 robe
Items here: ( )) ††.
Okay, then.
Found a stone staircase leading up.
Found a stone staircase leading up.
Menkaure, Prince of Dust comes into view.
Menkaure shouts!
Menkaure is nearby!
Menkaure gestures wildly while chanting.
Menkaure seems to speed up.
You hit Menkaure.
Menkaure is moderately damaged.
Menkaure hits you but does no damage.
You closely miss Menkaure.
Menkaure is moderately damaged.
Menkaure barely misses you. Menkaure hits you!
You slash Menkaure!
Menkaure is severely damaged.
Menkaure points at you and mumbles some strange words.
Pain shoots through your body!
You barely miss Menkaure.
Menkaure is severely damaged.
Menkaure calls on the powers of darkness!
Your body is wracked with pain!
You block Menkaure's attack.
You hit Menkaure.
Menkaure is almost destroyed.
You block Menkaure's attack. Menkaure hits you!
* * * LOW HITPOINT WARNING * * *
You are too injured to fight recklessly!
You are too injured to fight recklessly!
You are too injured to fight recklessly!
You are too injured to fight recklessly!
You are too injured to fight recklessly!
You are too injured to fight recklessly!
You feel better. Menkaure hits you!
You die...

##........#
###.....##
##....# ##..##
#..### ##....##
##......###
#.........###
#.......@....#
#.........M......
#................
#.$.............#
...######........
..# ###......
##.... ###.


You could see Menkaure (fast).

Vanquished Creatures
  An orc priest (D:4)
  An iguana (D:4)
  An orc wizard (D:4)
  2 adders
  A worm (D:2)
  9 orcs
  6 ball pythons
  10 endoplasms
  7 giant cockroaches
  4 goblins
  5 hobgoblins (D:1)
  15 jackals
  6 quokkas
  7 bats
  A frilled lizard (D:3)
  7 kobolds
  4 rats
87 creatures vanquished.

Notes
Turn   | Place    | Note
-------+----------+-------------------------------------------
     0 | D:1      | bande the Gargoyle Fighter began the quest for the Orb.
     0 | D:1      | Reached XP level 1. HP: 14/14 MP: 1/1
   203 | D:1      | Reached XP level 2. HP: 18/19 MP: 2/2
   660 | D:1      | Reached XP level 3. HP: 19/24 MP: 3/3
  1220 | D:2      | Reached XP level 4. HP: 29/29 MP: 4/4
  1400 | D:2      | Found a faded altar of an unknown god.
  2300 | D:4      | HP: 1/29 [iguana (3)]
  2556 | D:4      | Reached XP level 5. HP: 33/33 MP: 5/5
  2889 | D:4      | Found a sparkling altar of Nemelex Xobeh.
  3094 | D:4      | Noticed Menkaure
  3103 | D:4      | Slain by Menkaure

Illustrated notes

Levels and vault maps discovered:
D:1:      tarquinn_simple_flora_water_e, layout_loops_ring, dk_noncrumbling_3
D:2:      layout_rooms, shapermc_ecumenical_altar_pompeii, chequers_arboretum
D:3:      layout_loops_ring
D:4:      layout_layer_cave, nemelex_xobeh_ov_fountains_minmay, uniq_menkaure

Skill      XL: |  1  2  3  4  5 |
---------------+----------------+-----
Axes           | 2 3 4 |  4.0
Fighting       | 4 |  4.1
Armour         | 4 |  4.2
Shields        | |  3.9

Action                   |  1- 3 |  4- 6 || total
-------------------------+-------+-------++-------
Melee: War axe           |   128 |   111 ||   239
  Use: Scroll            |     7 |     4 ||    11
       Potion            |       |     2 ||     2
Armor: Scale mail        |    82 |    64 ||   146
Dodge: Dodged            |    69 |    72 ||   141
Block: Buckler           |    28 |    28 ||    56

Table legend: (Time is in decaauts)
 A = Elapsed time spent in this place.
 B = Non-inter-level travel time spent in this place.
 C = Inter-level travel time spent in this place.
 D = Time resting spent in this place.
 E = Time spent auto-exploring this place.
 F = Levels seen in this place.
 G = Mean time per level.
                   A        B        C        D        E       F      G
               +--------+--------+--------+--------+--------+-----+--------+
         Total |   3201 |   3156 |     45 |    233 |   2219 |   4 |  800.2 |
       Dungeon |   3201 |   3156 |     45 |    233 |   2219 |   4 |  800.2 |
               +--------+--------+--------+--------+--------+-----+--------+

Top non-repeatable levels by time:
     D:1: 1023 daAuts
     D:4: 839 daAuts
     D:3: 759 daAuts
     D:2: 579 daAuts
